 Dungeon Crawl Stone Soup version 0.23.2-1-ga50397a6bc (webtiles) character file.

Game seed: 12093199131419015897

389 Marnok the Chopper (level 6, -5/49 HPs)
             Began as a Demonspawn Fighter on Apr 21, 2019.
             Slain by an ogre
             ... wielding a cursed -3 giant club
              (9 damage)
             ... on level 3 of the Dungeon.
             The game lasted 00:07:10 (2735 turns).

Marnok the Chopper (Demonspawn Fighter)             Turns: 2735, Time: 00:07:11

Health: -5/49      AC: 11    Str: 17    XL:     6   Next: 49%
Magic:  6/6        EV:  8    Int:  9    God:
Gold:   121        SH:  9    Dex: 16    Spells: 5/5 levels left

rFire    . . .     SeeInvis .   a - +1 war axe
rCold    . . .     Gourm    .   c - +0 shield
rNeg     . . .     Faith    .   b - +0 scale mail
rPois    +         Spirit   .   l - +1 helmet
rElec    .         Reflect  .   (no cloak)
rCorr    .         Harm     .   t - +0 pair of gloves
MR       .....                  (no boots)
Stlth    ..........             (no amulet)
HPRegen  0.16/turn              p - ring of poison resistance
MPRegen  0.10/turn              (no ring)

@: about to teleport
A: hooves 2, rugged brown scales 1, agile 1, blink, rot immunity
a: Blink


You were on level 3 of the Dungeon.
You were not hungry.

You visited 1 branch of the dungeon, and saw 4 of its levels.

You collected 121 gold pieces.

Inventory:

Hand Weapons
 a - a +1 war axe (weapon)
Armour
 b - a +0 scale mail (worn)
 c - a +0 shield (worn)
 l - a +1 helmet (worn)
 t - a +0 pair of gloves (worn)
Jewellery
 p - a ring of poison resistance (left hand)
Scrolls
 e - 5 scrolls of magic mapping
 h - a scroll of teleportation
 j - a scroll of remove curse
 o - a scroll of identify
Potions
 d - a potion of magic
 g - 2 potions of curing
 s - a potion of degeneration
 u - 2 potions of lignification
Comestibles
 f - 8 rations
 i - 10 chunks of flesh


   Skills:
 + Level 3.7 Fighting
 + Level 4.2 Axes
 + Level 3.5 Armour
 + Level 1.3 Dodging
 + Level 4.0 Shields


You had 5 spell levels left.
You didn't know any spells.
Your spell library was empty.

Dungeon Overview and Level Annotations

Branches:
Dungeon (4/15)
 Temple: D:4-7

Altars:


Innate Abilities, Weirdness & Mutations

You have hoof-like feet.
You are partially covered in rugged brown scales. (AC +1, +3% HP)
You are immune to rotting.
You are agile. (Dex +2)
You can translocate small distances at will.


Message History

a +0 dagger; a +0 robe An orc wizard comes into view.
It is wielding a -2 dagger.
There is a stone staircase leading up here.
The orc wizard shouts!
The ogre hits you with a cursed -3 giant club!!
You block the orc's attack.
You climb upwards.
There is a stone staircase leading down here.
You feel better. The orc hits you but does no damage.
The ogre hits you with a cursed -3 giant club!!
* * * LOW HITPOINT WARNING * * *
As you read the scroll of teleportation, it crumbles to dust.
You feel strangely unstable. The orc hits you but does no damage.
The ogre hits you but does no damage.
You completely miss the ogre.
The ogre is heavily wounded.
You slash the orc!
You kill the orc!
The ogre hits you with a cursed -3 giant club!
You die...

# #.........##.# #.# #
#.####.##.##.# #.# #
#####.# #.##.##.# #.#
##...#.# #.##.##.# #.#
##......# #.##.##.#####.#
#.......# #.##..........#
....|...####.#####.#######
..รท..........#####.#
##.....###.....o@O.#
##...## ########### #####


You could see an ogre and an orc.

Vanquished Creatures
  A scorpion (D:4)
  A crimson imp (D:3)
  3 orc wizards
  An orc priest (D:3)
  A hound skeleton (D:4)
  4 gnolls (D:3)
  6 adders
  A worm (D:3)
  2 dart slugs
  2 leopard geckos
  7 orcs
  A ball python (D:3)
  2 giant cockroaches
  3 hobgoblins
  7 jackals
  3 quokkas (D:3)
  3 bats
  6 frilled lizards
  11 goblins
  6 kobolds
  15 rats
86 creatures vanquished.

Notes
Turn   | Place    | Note
-------+----------+-------------------------------------------
     0 | D:1      | Marnok the Demonspawn Fighter began the quest for the Orb.
     0 | D:1      | Reached XP level 1. HP: 18/18 MP: 1/1
   238 | D:1      | Gained mutation: You are immune to rotting. [demonic
                  | ancestry]
   238 | D:1      | Reached XP level 2. HP: 24/24 MP: 2/2
   806 | D:2      | Gained mutation: You have large cloven feet. [demonic
                  | ancestry]
   806 | D:2      | Reached XP level 3. HP: 21/29 MP: 3/3
  1577 | D:3      | Gained mutation: You are partially covered in rugged brown
                  | scales. (AC +1, +3% HP) [demonic ancestry]
  1577 | D:3      | Reached XP level 4. HP: 23/36 MP: 4/4
  1903 | D:3      | Gained mutation: You have hoof-like feet. [demonic
                  | ancestry]
  1903 | D:3      | Reached XP level 5. HP: 42/42 MP: 5/5
  1993 | D:3      | Gained mutation: Your magical capacity is low. (-10% MP)
                  | [potion of mutation]
  1993 | D:3      | Lost mutation: Your magical capacity is low. (-10% MP)
                  | [potion of mutation]
  1993 | D:3      | Gained mutation: You can translocate small distances at
                  | will. [potion of mutation]
  1993 | D:3      | Gained mutation: You are agile. (Dex +2) [potion of
                  | mutation]
  2579 | D:4      | Reached skill level 1 in Dodging
  2579 | D:4      | Reached XP level 6. HP: 49/49 MP: 6/6
  2735 | D:3      | Slain by an ogre

Skill      XL: |  1  2  3  4  5  6 |
---------------+-------------------+-----
Axes           | 2 3 4 |  4.2
Shields        | 3 4 |  4.0
Armour         | 3 |  3.5
Dodging        | 1 |  1.3
Fighting       | |  3.7

Action                   |  1- 3 |  4- 6 || total
-------------------------+-------+-------++-------
Melee: War axe           |    93 |   141 ||   234
       Kick              |    12 |    36 ||    48
  Use: Potion            |       |     6 ||     6
       Scroll            |       |    12 ||    12
  Eat: Chunk             |     2 |     4 ||     6
Armor: Scale mail        |    40 |    95 ||   135
Dodge: Dodged            |    22 |    54 ||    76
Block: Shield            |    47 |    86 ||   133
